 Dungeon Sprint DCSS version 0.23.2-40-g277498a001 (webtiles) character file.

Game seed: 9421915902223992475

1253 Nivan the Nimble (level 8, 0/87 HPs)
             Began as a Troll Fighter on Sept 27, 2019.
             Was a Follower of Okawaru.
             Slain by a centaur warrior (15 damage)
             ... in the Dungeon (Sprint I: "Red Sonja").
             The game lasted 00:03:51 (551 turns).

Nivan the Nimble (Troll Fighter)                     Turns: 551, Time: 00:03:53

Health: 0/87       AC:  6    Str: 27      XL:     8   Next: 26%
Magic:  7/7        EV: 10    Int:  4      God:    Okawaru [*.....]
Gold:   470        SH:  0    Dex:  3 (9)  Spells: 7/7 levels left

rFire    . . .     SeeInvis .   m - +5 scythe (venom)
rCold    . . .     Gourm    +   (shield currently unavailable)
rNeg     . . .     Faith    .   a - +0 robe
rPois    .         Spirit   .   (helmet restricted)
rElec    .         Reflect  .   (no cloak)
rCorr    .         Harm     .   (gloves unavailable)
MR       .....     NoTele   +   (boots unavailable)
Stlth    +.........             (no amulet)
HPRegen  0.64/turn              (no ring)
MPRegen  0.10/turn              (no ring)

@: very slow
A: large, unfitting armour, claws 3, fast metabolism 3, gourmand, regeneration
1, shaggy fur 1, tough skin 3
a: Heroism, Renounce Religion


You were in the Dungeon.
You worshipped Okawaru.
Okawaru was aware of your devotion.
You were hungry.

You visited 1 branch You collected 470 gold pieces.

Inventory:

Hand Weapons
 m - a +5 scythe of venom (weapon)
Armour
 a - a +0 robe (worn)
 b - a +0 shield
Wands
 k - a wand of digging (4)
 l - a wand of flame (13)
Scrolls
 j - a scroll of blinking
 n - a scroll of amnesia {unknown}
Potions
 c - a potion of might
 e - a potion of curing
 f - a potion of heal wounds
 g - a potion of haste
 h - 2 potions of magic
 i - a potion of berserk rage
Comestibles
 d - 2 rations


   Skills:
 + Level 7.4 Fighting
 + Level 6.0 Polearms
 + Level 8.6 Dodging
 + Level 7.6 Shields
 + Level 7.2 Unarmed Combat
 + Level 0.1 Evocations


You had 7 spell levels left.
You didn't know any spells.
Your spell library was empty.

Dungeon Overview and Level Annotations

Branches:
Dungeon (1/1)

Altars:
Cheibriados
Dithmenos
Elyvilon
Fedhas
Gozag
Hepliaklqana
Kikubaaqudgha
Makhleb
Nemelex Xobeh
Okawaru
Qazlal
Ru
Sif Muna
Trog
Uskayaw
Vehumet
Wu Jian
Xom
Yredelemnul
Zin
The Shining One
Jiyva
Lugonu

Shops:
D (


Innate Abilities, Weirdness & Mutations

You are too large for most types of armour.
You have claws for hands.
Your metabolism is lightning-fast.
You like to eat raw meat.
Your natural rate of healing is unusually fast.
You are covered in fur. (AC +1)
You have extremely tough skin. (AC +3)


Message History

The centaur warrior shoots an arrow.
The arrow hits you!
You hear a splash.
The centaur warrior shoots an arrow.
The arrow barely misses you.
You hear a splash.
You see here 2 arrows.
You slash the centaur warrior!
The centaur warrior is poisoned.
The centaur warrior is lightly wounded.
The centaur warrior unwields a +0 longbow.
The centaur warrior hits you!
The centaur warrior unwields a +0 shortbow.
The centaur warrior hits you! The centaur warrior hits you.
The centaur warrior hits you!
You hit the centaur warrior.
The centaur warrior is poisoned.
The centaur warrior is lightly wounded.
The centaur warrior hits you but does no damage.
The centaur warrior barely misses you. The centaur warrior hits you.
The centaur warrior hits you!
* * * LOW HITPOINT WARNING * * *
The centaur warrior hits you!
You die...

########################
.#..)..#..'..#__#..')..#
.'[.#..'[.#..'..'.)#...#
.#####'#####'#__####...+
.####..#...#(####§§#####
.#__####..##.#§§§c§#
.#_____##'#_.'§§@c§+
⌠#_.∩...'..._#§§§§§#
.#_..__##_.#'##+####
.#_____###+#.# ########
###


You could see 2 centaur warriors.

Vanquished Creatures
  2 kobold demonologists (D)
  A slime creature (D)
  Sigmund (D)
  A yak (D)
  A floating eye (D)
  An ogre (D)
  A jelly (D)
  Ijyb (D)
9 creatures vanquished.

Notes
Turn   | Place    | Note
-------+----------+-------------------------------------------
     0 | D        | Nivan the Troll Fighter began the quest for the Orb.
     0 | D        | Reached XP level 1. HP: 22/22 MP: 0/0
     2 | D        | Noticed Ijyb
    37 | D        | Killed Ijyb
    37 | D        | Reached skill level 3 in Dodging
    37 | D        | Reached XP level 2. HP: 26/31 MP: 1/1
    41 | D        | Noticed an ogre
    47 | D        | Killed an ogre
    47 | D        | Reached skill level 5 in Dodging
    47 | D        | Reached XP level 3. HP: 17/40 MP: 2/2
    47 | D        | Reached XP level 4. HP: 21/49 MP: 3/3
    97 | D        | Noticed Sigmund
   102 | D        | Killed Sigmund
   102 | D        | Reached skill level 5 in Fighting
   102 | D        | Reached skill level 6 in Dodging
   102 | D        | Reached skill level 5 in Unarmed Combat
   102 | D        | Reached XP level 5. HP: 45/58 MP: 4/4
   102 | D        | Reached XP level 6. HP: 51/66 MP: 5/5
   125 | D        | Found an ornate altar of the Wu Jian Council.
   125 | D        | Found a deep blue altar of Sif Muna.
   127 | D        | Found a radiant altar of Vehumet.
   161 | D        | Found Xuacebuv's Antique Weapon Emporium.
   161 | D        | Found an ancient bone altar of Kikubaaqudgha.
   161 | D        | Found a hazy altar of Hepliaklqana.
   161 | D        | Found a stormy altar of Qazlal.
   161 | D        | Found a hide-covered altar of Uskayaw.
   161 | D        | Found a blossoming altar of Fedhas.
   161 | D        | Found a bloodstained altar of Trog.
   161 | D        | Found an iron altar of Okawaru.
   161 | D        | Found a basalt altar of Yredelemnul.
   161 | D        | Found a glowing golden altar of the Shining One.
   161 | D        | Found a snail-covered altar of Cheibriados.
   161 | D        | Found a sacrificial altar of Ru.
   161 | D        | Found a glowing silver altar of Zin.
   161 | D        | Found a shadowy altar of Dithmenos.
   161 | D        | Found a white marble altar of Elyvilon.
   161 | D        | Noticed a yak
   164 | D        | Killed a yak
   164 | D        | Reached skill level 1 in Polearms
   164 | D        | Reached skill level 7 in Dodging
   165 | D        | Found an opulent altar of Gozag.
   177 | D        | Found a burning altar of Makhleb.
   177 | D        | Found a viscous altar of Jiyva.
   177 | D        | Found a shimmering altar of Xom.
   177 | D        | Found a corrupted altar of Lugonu.
   177 | D        | Noticed a slime creature
   187 | D        | Killed a slime creature
   187 | D        | Reached XP level 7. HP: 23/76 MP: 6/6
   285 | D        | Found a sparkling altar of Nemelex Xobeh.
   293 | D        | Became a worshipper of Warmaster Okawaru
   322 | D        | Noticed a kobold demonologist
   323 | D        | Noticed a kobold demonologist
   323 | D        | Paralysed by a floating eye for 4 turns
   326 | D        | Noticed a rust devil
   329 | D        | Noticed a hellwing
   335 | D        | Killed a kobold demonologist
   335 | D        | Reached skill level 5 in Polearms
   335 | D        | Reached skill level 8 in Dodging
   344 | D        | Lost dexterity.
   350 | D        | Killed a kobold demonologist
   350 | D        | Reached * piety under Okawaru
   350 | D        | Reached XP level 8. HP: 42/87 MP: 7/7
   549 | D        | Noticed a centaur warrior
   549 | D        | Noticed a centaur warrior
   551 | D        | Slain by a centaur warrior

Skill      XL: |  1  2  3  4  5  6  7 |
---------------+----------------------+-----
Fighting       | 3 4 5 6 7 |  7.4
Dodging        | 3 5 6 7 8 |  8.6
Shields        | 3 4 6 7 |  7.6
Unarmed Combat | 3 5 6 7 |  7.2
Polearms       | 3 6 |  6.0
Evocations     | |  0.1

Action                   |  1- 3 |  4- 6 |  7- 9 || total
-------------------------+-------+-------+-------++-------
Melee: Unarmed           |    38 |     4 |       ||    42
       Scythe            |       |    12 |    22 ||    34
Evoke: Wand              |       |     1 |       ||     1
  Eat: Chunk             |       |       |     2 ||     2
Armor: Robe              |     7 |     3 |    28 ||    38
Dodge: Dodged            |    10 |    11 |    36 ||    57
Block: Shield            |    14 |     1 |       ||    15
